 Dungeon Crawl Stone Soup version 0.16.1-51-g6203257 (webtiles) character file.

265 Gargoyl the Skirmisher (level 6, 0/39 HPs)
             Began as a Gargoyle Berserker on July 20, 2015.
             Was a Believer of Trog.
             Slain by fneyf's ghost (2 damage)
             ... on level 3 of the Dungeon.
             The game lasted 00:04:19 (1499 turns).

Gargoyl the Skirmisher (Gargoyle Berserker)         Turns: 1499, Time: 00:04:19

Health: 0/39       AC:  9    Str: 22    XL:     6   Next: 20%
Magic:  6/6        EV: 13    Int:  8    God:    Trog [**....]
Gold:   141        SH:  0    Dex:  9    Spells: 0 memorised, 5 levels left

rFire  . . .     SeeInvis .     a - +0 mace
rCold  . . .     Clarity  .     b - +0 animal skin
rNeg   + . .     SustAb   .     (no shield)
rPois  ∞         Gourm    .     d - +1 hat
rElec  +         Spirit   .     (no cloak)
rCorr  .         Warding  .     (no gloves)
rMut   .         Stasis   .     h - +1 pair of boots
MR     ++...                    (no amulet)
Stlth  +.........               (no ring)
                                (no ring)

@: regenerating, glowing, very resistant to hostile enchantments, very
unstealthy
A: negative energy resistance 1, electricity resistance, unbreathing,
petrification resistance, rot immunity, AC +4
a: Burn Spellbooks, Berserk, Trog's Hand, Renounce Religion


You were on level 3 of the Dungeon.
You worshipped Trog.
Trog was pleased with you.
You were not hungry.

You visited 1 branch of the dungeon, and saw 3 of its levels.

You collected 141 gold pieces.

Inventory:

Hand weapons
 a - a +0 mace (weapon)
Armour
 b - a +0 animal skin (worn)
 d - a +1 hat (worn)
 h - a +1 pair of boots (worn)
Jewellery
 k - an uncursed amulet of stasis {unknown}
Scrolls
 e - 5 scrolls of teleportation {unknown}
 i - a scroll of identify {unknown}
 p - a scroll of noise {unknown}
Potions
 f - a potion of ambrosia {unknown}
 j - a potion of restore abilities {unknown}
 l - 2 potions of brilliance {unknown}
 m - a potion of mutation {unknown}
 n - a potion of haste {unknown}
 o - a potion of invisibility {unknown}
Comestibles
 c - a bread ration
 g - a meat ration


   Skills:
 + Level 4.4 Fighting
 + Level 4.0 Maces & Flails
 + Level 2.4 Armour
 + Level 4.0 Dodging
 + Level 0.2 Stealth


You had 5 spell levels left.
You didn't know any spells.

Dungeon Overview and Level Annotations

Branches:
Dungeon (3/15)

Altars:

Annotations:
D:3 fneyf's ghost, average SpEn


Innate Abilities, Weirdness & Mutations

You are resistant to torment.
You are immune to poison.
Your stone body is very resilient (AC +4).
You resist negative energy.
You are resistant to electric shocks.
You can survive without breathing.
You are immune to petrification.
You are immune to rotting.


Message History

You hit fneyf's ghost but do no damage.
Fneyf's ghost is almost destroyed.
Fneyf's ghost closely misses you.
Fneyf's ghost hits you but does no damage.
You closely miss fneyf's ghost.
Fneyf's ghost is almost destroyed.
Fneyf's ghost hits you but does no damage.
You barely miss fneyf's ghost.
Fneyf's ghost is almost destroyed.
Fneyf's ghost misses you.
You hit fneyf's ghost but do no damage.
Fneyf's ghost is almost destroyed.
Fneyf's ghost gestures at you while chanting.
The spray of energy hits you!
* * * LOW HITPOINT WARNING * * *
You miss fneyf's ghost.
Fneyf's ghost is almost destroyed.
You feel less exhausted. Fneyf's ghost hits you.
You die...

#.# #.# .
#.###=# #.....##
# .......#
#.###....#.#
###..........##
............#...
#@#.....##
#W#...#..#
##.##.....#
#..#....# # ###
##.##....#.#
....#..........#
#...#........#
###..>.......#
##.##...##...#


You could see fneyf's ghost.

Vanquished Creatures
  Grinder (D:3)
  Ijyb (D:2)
  A worm (D:2)
  2 giant geckos
  2 oozes
  6 bats
  3 giant cockroaches
  8 goblins
  4 hobgoblins (D:1)
  2 jackals (D:2)
  A quokka (D:2)
  6 kobolds
  3 rats
40 creatures vanquished.

Notes
Turn   | Place    | Note
--------------------------------------------------------------
     0 | D:1      | Gargoyl, the Gargoyle Berserker, began the quest for the Orb.
     0 | D:1      | Reached XP level 1. HP: 14/14 MP: 1/1
   126 | D:1      | Reached XP level 2. HP: 10/19 MP: 2/2
   470 | D:1      | Acquired Trog's second power
   615 | D:1      | Reached XP level 3. HP: 24/24 MP: 3/3
   823 | D:2      | Noticed Ijyb
   839 | D:2      | Killed Ijyb
  1052 | D:2      | Reached XP level 4. HP: 27/29 MP: 4/4
  1339 | D:2      | Reached skill level 4 in Fighting
  1437 | D:2      | You fall through a shaft!
  1437 | D:3      | Noticed Grinder
  1452 | D:3      | Paralysed by Grinder for 7 turns
  1464 | D:3      | Killed Grinder
  1464 | D:3      | Reached XP level 5. HP: 18/34 MP: 5/5
  1464 | D:3      | Reached XP level 6. HP: 20/39 MP: 6/6
  1467 | D:3      | Noticed fneyf's ghost (average SpEn)
  1498 | D:3      | HP: 1/39 [fneyf's ghost/spray of energy (16)]
  1499 | D:3      | Slain by fneyf's ghost

Action                   |  1- 3 |  4- 6 || total
-------------------------+-------+-------++-------
Melee: Mace              |   104 |    76 ||   180
Invok: Trog's Hand       |       |     3 ||     3
       Berserk           |       |     1 ||     1
  Eat: Bread ration      |       |     1 ||     1
